Map: Winter Madness LE

Players

Cypem

  • Race: Zerg Zerg
  • League: Grandmaster
  • Spawn Location: 5:00

A.I. 1 (Very Easy) - Winner!

  • Race: Terran Terran
  • Spawn Location: 11:00

VOD

Have the link to the VOD?

Description

Time

  • Played on: Feb. 6, 2026, 10:25 a.m.
  • Length: 5:36
Show
View Real Time Build Order
Export as new Build Order

Cypem Zerg 

Build Orders: Hatch First, Ravager All-In 

Get SALT Encoding   

  12  0:00  Drone  
  13  0:09  Drone  
  13  0:14  Extractor, Drone  
  15  0:35  Hatchery  
  14  0:39  Extractor  
  14  0:40  Drone  
  15  0:46  Overlord  
  15  1:01  Spawning Pool  
  14  1:04  Drone  
  14  1:08  Drone  
  14  1:11  Drone  
  17  1:15  Drone  
  18  1:26  Drone  
  19  1:37  Drone  
  20  1:48  Queen x2  
  20  1:49  Drone  
  20  1:52  Drone  
  26  1:58  Overlord  
  26  2:03  Drone  
  27  2:08  Drone  
  28  2:17  Hatchery  
  28  2:19  Drone  
  28  2:21  Drone  
  28  2:22  Drone  
  30  2:30  Queen  
  30  2:35  Extractor  
  30  2:36  Overlord  
  31  2:39  Drone  
  31  2:43  Drone x2  
  34  2:53  Drone x2  
  34  2:55  Drone  
  37  3:02  Drone x3  
  37  3:03  Drone x2  
  37  3:04  Drone  
  43  3:13  Roach Warren  
  43  3:15  Drone  
  43  3:17  Extractor  
  43  3:18  Drone, Extractor  
  42  3:22  Drone  
  42  3:25  Drone  
  44  3:31  Drone x2  
  44  3:32  Drone  
  47  3:34  Overlord x2  
  47  3:37  Metabolic Boost  
  47  3:45  Overlord x2  
  47  3:54  Roach x3  
  47  3:55  Roach  
  55  4:01  Roach x2  
  59  4:04  Roach  
  59  4:06  Zergling x8  
  59  4:07  Zergling x2  
  59  4:09  Zergling x2  
  67  4:13  Zergling x4  
  67  4:15  Zergling x2  
  70  4:23  Overlord  
  70  4:25  Zergling x4  
  70  4:30  Zergling x12  
  78  4:33  Zergling x4  
  78  4:35  Zergling x2  
  78  4:36  Zergling x2  
  82  4:41  Overlord, Ravager  
  82  4:42  Ravager x3  
  86  4:46  Zergling x4  
  86  4:50  Ravager  
  89  4:57  Overlord  
  89  5:00  Zergling x10  
  89  5:01  Ravager  
  89  5:05  Zergling x6  
  97  5:11  Overlord  
  97  5:15  Ravager  
  98  5:22  Drone x2  
  98  5:23  Drone x4  
Show
View Real Time Build Order
Export as new Build Order

A.I. 1 (Very Easy) Terran - Winner!

Build Orders:  

Get SALT Encoding   

  12  0:00  SCV  
  13  0:13  SCV  
  14  0:18  Supply Depot  
  14  0:37  Refinery  
  14  0:42  Barracks  
  14  1:04  Supply Depot  
  14  1:12  Refinery  
  14  1:28  SCV  
  14  1:29  Marine  
  16  1:40  SCV  
  17  1:52  SCV  
  18  2:02  Marine  
  18  2:05  SCV  
  20  2:17  SCV  
  21  2:29  SCV  
  22  2:34  Marine  
  23  2:42  Orbital Command  
  23  4:20  SCV  
  23  5:03  Marine  
  23  5:06  Supply Depot  
  21  5:12  SCV  
Tags
 
Add a new tag
Caveats
  • Supply blocks, unpowered buildings, or Contaminate may cause inaccurate times.
  • Supply counts are checked every 10 seconds.